 Dungeon Crawl Stone Soup version 0.22.1-2-g9c5b331383 (webtiles) character file.

55349 Jerry the Basher (level 14, -11/118 HPs)
             Began as a Demonspawn Fighter on Dec 19, 2018.
             Was an Initiate of Gozag.
             Mangled by an enormous slime creature (63 damage)
             ... on level 14 of the Dungeon on Dec 22, 2018.
             The game lasted 01:40:52 (29276 turns).

Jerry the Basher (Demonspawn Fighter)              Turns: 29276, Time: 01:40:53

Health: -11/118    AC: 39    Str: 21    XL:     14   Next: 38%
Magic:  14/14      EV: 16    Int:  7    God:    Gozag
Gold:   1123       SH:  3    Dex: 14    Spells: 13/13 levels left

rFire    + . .     SeeInvis +   E - +10 morningstar "Cuystat" {protect, rElec SInv}
rCold    + . .     Gourm    .   (no shield)
rNeg     . . .     Faith    .   y - +1 ring mail {rPois}
rPois    +         Spirit   .   D - +1 helmet
rElec    +         Reflect  +   I - scarf {repulsion}
rCorr    +         Harm     .   B - +1 pair of gloves
MR       +....                  (boots unavailable)
Stlth    +.........             t - +3 amulet of reflection
HPRegen  0.29/turn              b - ring of the Sky {rCorr rF+}
MPRegen  0.14/turn              s - ring of stealth

@: sanguine armour, protection aura, repel missiles
A: hooves 3, cold resistance 1, dopey 1, icemail, rot immunity, freezing cloud
immunity, sanguine armour 2
a: Potion Petition, Call Merchant, Bribe Branch, Renounce Religion


You were on level 14 of the Dungeon.
You worshipped Gozag.
Gozag was most pleased with you.
You were very hungry.

You visited 4 branches of the dungeon, and saw 23 of its levels.

You collected 5585 gold pieces.
You spent 382 gold pieces at shops.
You paid 4080 gold pieces to Gozag.

Inventory:

Hand Weapons
 g - a +4 whip of flaming
 l - the +5 morningstar of Tenacity {venom, *Rage Str+10}
   (You found it on level 6 of the Lair of Beasts)

   It poisons the flesh of those it strikes.
   It affects your strength (+10).
   It may make you go berserk in combat.
 E - the +10 morningstar "Cuystat" (weapon) {protect, rElec SInv}
   (You found it on level 2 of the Lair of Beasts)

   It protects the one who uses it against injury (+AC on strike).
   It insulates you from electricity.
   It lets you see invisible.
Armour
 y - a +1 ring mail of poison resistance (worn)
 B - a +1 pair of gloves (worn)
 D - a +1 helmet (worn)
 I - a scarf of repulsion (worn)
 P - a +0 buckler
Jewellery
 b - the ring of the Sky (left hand) {rCorr rF+}
   (You took it off an orc warrior on level 7 of the Dungeon)

   [ring of resist corrosion]

   It protects you from fire.
 s - a ring of stealth (right hand)
 t - a +3 amulet of reflection (around neck)
 L - an uncursed ring of poison resistance {unknown}
Wands
 a - a wand of paralysis (17)
 d - a wand of enslavement (9)
 e - a wand of flame (58)
 v - a wand of iceblast (12)
 x - a wand of disintegration (30)
 G - a wand of acid (10)
 J - a wand of clouds (7)
 O - a wand of scattershot (5)
Scrolls
 c - 5 scrolls of enchant armour
 i - 4 scrolls of amnesia
 j - 6 scrolls of fog
 k - a scroll of summoning
 m - 2 scrolls of enchant weapon
 q - 3 scrolls of fear
 u - 2 scrolls of immolation
 w - 5 scrolls of identify
 F - 3 scrolls of remove curse
 N - 2 scrolls of teleportation
 R - a scroll of blinking
Potions
 h - 2 potions of magic
 n - a potion of invisibility
 o - 3 potions of brilliance
 p - 2 potions of lignification
 r - 2 potions of curing
 z - 2 potions of cancellation
 A - 2 potions of heal wounds
 C - 2 potions of ambrosia
 H - 2 potions of resistance
 K - a potion of agility
 M - a potion of berserk rage {unknown}
 Q - a potion of degeneration {unknown}
Comestibles
 f - 22 rations


   Skills:
 + Level 13.0 Fighting
 + Level 14.1 Maces & Flails
 + Level 12.0 Armour
 + Level 7.8 Dodging
 * Level 3.7 Shields


You had 13 spell levels left.
You didn't know any spells.
Your spell library contained the following spells:

 Spells                   Type           Power        Failure   Level  Hunger
 Corona                   Hex            #......      56%         1    ##.....
 Freeze                   Ice            #...         56%         1    ##.....
 Infusion                 Chrm           #...         56%         1    ##.....
 Magic Dart               Conj           #...         56%         1    ##.....
 Sandblast                Erth           #.....       56%         1    ##.....
 Shock                    Conj/Air       #...         56%         1    ##.....
 Sting                    Conj/Pois      #...         56%         1    ##.....
 Blink                    Tloc           N/A          71%         2    ###....
 Ensorcelled Hibernation  Hex/Ice        #.....       71%         2    ###....
 Passwall                 Tmut/Erth      #.......     71%         2    ###....
 Poisonous Vapours        Pois/Air       #.....       71%         2    ###....
 Searing Ray              Conj           #.....       71%         2    ###....
 Shroud of Golubria       Chrm/Tloc      #.........   71%         2    ###....
 Song of Slaying          Chrm           #.......     71%         2    ###....
 Swiftness                Chrm/Air       #.......     71%         2    ###....
 Throw Frost              Conj/Ice       #.....       71%         2    ###....
 Confuse                  Hex            #.......     90%         3    ####...
 Dazzling Spray           Conj/Hex       #.....       90%         3    ####...
 Gell's Gravitas          Tloc           #.........   90%         3    ####...
 Lesser Beckoning         Tloc           #.........   90%         3    ####...
 Mephitic Cloud           Conj/Pois/Air  #.......     90%         3    ####...
 Ozocubu's Armour         Chrm/Ice       #.......     90%         3    ####...
 Regeneration             Chrm/Necr      #.........   90%         3    ####...
 Spectral Weapon          Hex/Chrm       #.......     90%         3    ####...
 Static Discharge         Conj/Air       #.......     90%         3    ####...
 Stone Arrow              Conj/Erth      #.....       90%         3    ####...
 Teleport Other           Tloc           #.......     90%         3    ####...
 Tukima's Dance           Hex            #.......     90%         3    ####...
 Airstrike                Air            #.........   100%        4    #####..
 Force Lance              Conj/Tloc      #.......     100%        4    #####..
 Fulminant Prism          Conj/Hex       #.........   100%        4    #####..
 Iskenderun's Mystic Bla  Conj           #.......     100%        4    #####..
 Olgreb's Toxic Radiance  Pois           #.......     100%        4    #####..
 Passage of Golubria      Tloc           N/A          100%        4    #####..
 Petrify                  Tmut/Erth      #.......     100%        4    #####..
 Summon Ice Beast         Ice/Summ       #.......     100%        4    #####..
 Throw Icicle             Conj/Ice       #.......     100%        4    #####..
 Lee's Rapid Deconstruct  Erth           #.........   100%        5    ######.
 Lightning Bolt           Conj/Air       #.........   100%        5    ######.
 Venom Bolt               Conj/Pois      #.........   100%        5    ######.


Dungeon Overview and Level Annotations

Branches:
Dungeon (14/15)            Temple (1/1) D:7            Lair (6/6) D:9
  Swamp (0/4) Lair:2       Spider (0/4) Lair:4        Slime (0/5) Lair:5
    Orc (2/2) D:9          Vaults (0/5) D:13
    Elf: Orc:2

Altars:
Ashenzari
Cheibriados
Dithmenos
Elyvilon
Fedhas
Gozag
Hepliaklqana
Kikubaaqudgha
Makhleb
Nemelex Xobeh
Okawaru
Qazlal
Ru
Sif Muna
Trog
Uskayaw
Vehumet
Wu Jian
Xom
Yredelemnul
Zin
The Shining One
Jiyva

Shops:
D:7 [   D:9 ?   D:11 *[   D:12 =   D:14 [%%   Lair:4 =*

Portals:
Hell: Lair:6
Trove: D:13 (give +4 fire dragon scales)

Annotations:
D:6 2 runed doors, jokaro's ghost, novice HOFi
Lair:3 1 runed door, Gunterle's ghost, journeyman OgNe


Innate Abilities, Weirdness & Mutations

You have hooves in place of feet.
Your flesh is cold resistant. (rC+)
A meltable icy envelope protects you from harm. (AC +10)
You are immune to rotting.
You are immune to freezing clouds.
When seriously injured, your bleeding wounds create thick armour. (AC +9)
You are dopey. (Int -2)


Message History

The enormous slime creature hits you!!!
Ouch! That really hurt!
Your blood congeals into armour.
You hear a shout!
You are too injured to fight recklessly!
You are too injured to fight recklessly!
You are too injured to fight recklessly!
You are too injured to fight recklessly!
You are too injured to fight recklessly!
You bludgeon the enormous slime creature!!
The enormous slime creature is severely wounded.
You hear a horrible gurgling sound!
The enormous slime creature closely misses you.
You puncture the enormous slime creature!
You kick the enormous slime creature!
The enormous slime creature is almost dead.
The enormous slime creature hits you!!!
Ouch! That really hurt!
You die...
Your body crumbles into a pile of gold.

## .# .# .# # .# #...#
.# .# #)..# .. .#
#...########.### .#
#.........@J...#
.######....###.#####.#
.#.............#
...)...........#
.#.............#
.####.#..[..##.##.. .#
#.#............ .#
#.......#####.. ##
#.#...#.# ...


You could see an enormous slime creature.

Vanquished Creatures
  Josephine (D:11)
  A vault guard (D:13)
  9 hydras
  2 centaur warriors
  3 two-headed ogres
  Sonja (Lair:5)
  Nergalle (D:11)
  A sixfirhy (Lair:6)
  An unseen horror (D:13)
  A wizard (Lair:6)
  A deep troll (D:13)
  A swamp dragon (Lair:2)
  An orc knight (Orc:1)
  2 ugly things
  A cyclops (D:12)
  An orc sorcerer (Orc:1)
  A manticore (D:14)
  Maurice (D:8)
  5 black mambas
  3 gargoyles
  An elephant (D:8)
  5 spiny frogs
  2 centaur skeletons
  A rime drake (Lair:6)
  An efreet (D:13)
  5 ice devils (Lair:6)
  4 komodo dragons
  3 meliai
  A red devil (Lair:6)
  A hellwing (Lair:6)
  A queen bee (shapeshifter) (D:13)
  3 jumping spiders
  3 trolls
  Prince Ribbit (D:6)
  7 polar bears
  4 blink frogs (Lair:6)
  4 slime creatures (D:13)
  6 dream sheep
  15 hippogriffs
  A spriggan (D:7)
  4 wraiths
  A hog (shapeshifter) (D:13)
  A tarantella (shapeshifter) (D:13)
  6 redbacks (Lair:4)
  3 wyverns
  A steam dragon (D:13)
  39 yaks
  2 basilisks
  A hungry ghost (D:13)
  Menkaure (D:7)
  4 hell hounds (Lair:6)
  8 porcupines
  12 water moccasins
  16 orc warriors
  2 sky beasts
  4 ice beasts
  7 black bears (Lair:2)
  An eye of draining (D:13)
  7 ogres
  A necrophage (D:8)
  4 centaurs
  12 crocodiles
  A big kobold (D:10)
  9 bullfrogs
  A gnoll sergeant (D:10)
  A wyvern skeleton (D:11)
  A water moccasin zombie (D:6)
  7 scorpions
  4 wights
  30 killer bees
  3 electric eels (Lair:6)
  3 howler monkeys
  7 crimson imps
  4 jellies
  A quasit (D:10)
  3 centaur zombies
  5 hounds
  7 orc priests
  22 orc wizards
  3 bullfrog skeletons
  3 iguanas
  9 worker ants
  A hound skeleton (D:6)
  A hound zombie (D:11)
  A howler monkey zombie (D:5)
  12 gnolls
  11 adders
  2 shadow imps
  5 oozes
  A worm (D:2)
  2 dart slugs (D:1)
  5 leopard geckos
  76 orcs
  3 giant cockroaches
  15 goblins
  5 hobgoblins
  10 jackals
  7 kobolds
  3 quokkas
  10 bats
  6 frilled lizards
  A jackal skeleton (D:4)
  A jackal zombie (D:5)
  A leopard gecko zombie (D:8)
  8 rats
  A fungus (Lair:6)
556 creatures vanquished.

Vanquished Creatures (others)
  A wight (D:14)
  A fungus (Lair:3)
  A plant (Lair:6)
3 creatures vanquished.

Grand Total: 559 creatures vanquished

Notes
Turn   | Place    | Note
-------+----------+-------------------------------------------
     0 | D:1      | Jerry the Demonspawn Fighter began the quest for the Orb.
     0 | D:1      | Reached XP level 1. HP: 18/18 MP: 1/1
    45 | D:1      | Reached skill level 2 in Maces & Flails
   112 | D:1      | Gained mutation: When seriously injured, your bleeding
                  | wounds create armour. (AC +9) [demonic ancestry]
   112 | D:1      | Reached XP level 2. HP: 21/24 MP: 2/2
   501 | D:1      | Gained mutation: You have large cloven feet. [demonic
                  | ancestry]
   501 | D:1      | Reached XP level 3. HP: 11/29 MP: 3/3
  1534 | D:2      | Reached skill level 3 in Maces & Flails
  1931 | D:3      | Gained mutation: Your flesh is cold resistant. (rC+)
                  | [demonic ancestry]
  1931 | D:3      | Reached XP level 4. HP: 35/35 MP: 4/4
  2354 | D:3      | Found a white marble altar of Elyvilon.
  2559 | D:3      | Reached XP level 5. HP: 29/42 MP: 5/5
  3344 | D:4      | Reached skill level 4 in Maces & Flails
  3892 | D:4      | Gained mutation: You have hoof-like feet. [demonic
                  | ancestry]
  3892 | D:4      | Reached XP level 6. HP: 40/48 MP: 6/6
  4590 | D:4      | Found a shadowy altar of Dithmenos.
  4590 | D:4      | Found a sparkling altar of Nemelex Xobeh.
  5155 | D:4      | Gained mutation: Your muscles are strong. (Str +2) [potion
                  | of mutation]
  5155 | D:4      | Gained mutation: Armour fits poorly on your strangely
                  | shaped body. [potion of mutation]
  5155 | D:4      | Gained mutation: Your system is resistant to poisons.
                  | (rPois) [potion of mutation]
  5160 | D:5      | Entered Level 5 of the Dungeon
  5415 | D:5      | Reached skill level 5 in Maces & Flails
  5475 | D:5      | Reached XP level 7. HP: 55/55 MP: 7/7
  5831 | D:5      | Reached skill level 5 in Fighting
  6429 | D:6      | Lost mutation: Armour fits poorly on your strangely shaped
                  | body. [potion of mutation]
  6429 | D:6      | Lost mutation: Your muscles are strong. (Str +2) [potion of
                  | mutation]
  6429 | D:6      | Lost mutation: Your system is resistant to poisons. (rPois)
                  | [potion of mutation]
  6429 | D:6      | Gained mutation: You are occasionally teleported next to
                  | monsters. [potion of mutation]
  6429 | D:6      | Gained mutation: You are resistant to hostile enchantments.
                  | (MR+) [potion of mutation]
  6500 | D:6      | Noticed Prince Ribbit
  6525 | D:6      | Reached skill level 6 in Maces & Flails
  6618 | D:6      | Reached skill level 5 in Armour
  6618 | D:6      | Reached XP level 8. HP: 50/63 MP: 8/8
  6807 | D:6      | Killed Prince Ribbit
  7287 | D:6      | Found a glowing silver altar of Zin.
  7472 | D:6      | Found a runed door.
  7473 | D:6      | Noticed jokaro's ghost (novice HOFi)
  7491 | D:6      | Reached skill level 7 in Maces & Flails
  7797 | D:6      | Found a runed door.
  8087 | D:7      | Noticed Menkaure
  8387 | D:7      | Killed Menkaure
  8718 | D:7      | Gained mutation: You are immune to freezing clouds.
                  | [demonic ancestry]
  8718 | D:7      | Reached XP level 9. HP: 71/71 MP: 9/9
  8761 | D:7      | Found a staircase to the Ecumenical Temple.
  8766 | Temple   | Entered the Ecumenical Temple
  8983 | Temple   | Became a worshipper of Gozag Ym Sagoz the Greedy
  9048 | D:7      | Reached skill level 8 in Maces & Flails
  9262 | D:7      | Got a fine bone ring
  9827 | D:7      | Reached skill level 9 in Maces & Flails
  9990 | D:7      | Found Yxaiw's Armour Shoppe.
  9993 | D:7      | Bought a +1 ring mail of poison resistance for 208 gold
                  | pieces
  9993 | D:7      | Identified the ring of the Sky {rCorr rF+} (You took it off
                  | an orc warrior on level 7 of the Dungeon)
 10988 | D:8      | Noticed Maurice
 11342 | D:8      | Killed Maurice
 11342 | D:8      | Reached XP level 10. HP: 69/80 MP: 10/10
 11860 | D:8      | Found a radiant altar of Vehumet.
 11864 | D:8      | Found a basalt altar of Yredelemnul.
 11865 | D:8      | Found a glowing golden altar of the Shining One.
 11866 | D:8      | Found a shimmering altar of Xom.
 11866 | D:8      | Found a sacrificial altar of Ru.
 11866 | D:8      | Found an iron altar of Okawaru.
 11975 | D:8      | Found an ornate altar of the Wu Jian Council.
 11976 | D:8      | Found a shattered altar of Ashenzari.
 12208 | D:9      | Found a hazy altar of Hepliaklqana.
 12501 | D:9      | Reached skill level 10 in Maces & Flails
 12557 | D:9      | Noticed an elephant
 12748 | D:8      | Killed an elephant
 12955 | D:9      | Found a staircase to the Lair.
 13476 | D:9      | Found Sonaj's Magic Scroll Boutique.
 13481 | D:9      | Bought a scroll of enchant weapon for 97 gold pieces
 13496 | D:9      | Found a staircase to the Orcish Mines.
 13516 | Orc:1    | Entered Level 1 of the Orcish Mines
 13516 | Orc:1    | Noticed an orc sorcerer
 13518 | Orc:1    | Killed an orc sorcerer
 13609 | Orc:1    | Noticed an orc knight
 13963 | Lair:1   | Entered Level 1 of the Lair of Beasts
 13981 | Lair:1   | Noticed a four-headed hydra
 14000 | D:9      | Killed a four-headed hydra
 14000 | D:9      | Reached skill level 11 in Maces & Flails
 14263 | Lair:1   | Noticed an eight-headed hydra
 14274 | Lair:1   | Killed an eight-headed hydra
 14274 | Lair:1   | Gained mutation: A meltable icy envelope protects you from
                  | harm. (AC +10) [demonic ancestry]
 14274 | Lair:1   | Reached XP level 11. HP: 48/89 MP: 11/11
 14277 | Lair:1   | Noticed a four-headed hydra
 14448 | Lair:1   | Killed a four-headed hydra
 14811 | Lair:1   | Found a radiant altar of Vehumet.
 15729 | Lair:2   | Reached skill level 12 in Maces & Flails
 15771 | Lair:2   | Got a faintly glowing morningstar
 15772 | Lair:2   | Identified the +10 morningstar "Cuystat" {protect, rElec
                  | SInv} (You found it on level 2 of the Lair of Beasts)
 15936 | Lair:2   | Noticed a swamp dragon
 15954 | Lair:2   | Killed a swamp dragon
 15954 | Lair:2   | Reached skill level 10 in Fighting
 16045 | Lair:2   | Found a staircase to the Swamp.
 16443 | Lair:2   | Lost mutation: You are resistant to hostile enchantments.
                  | (MR+) [potion of mutation]
 16443 | Lair:2   | Gained mutation: Your muscles are strong. (Str +2) [potion
                  | of mutation]
 16443 | Lair:2   | Gained mutation: You are somewhat resistant to further
                  | mutation. [potion of mutation]
 16444 | Lair:2   | Lost mutation: Your muscles are strong. (Str +2) [potion of
                  | mutation]
 16444 | Lair:2   | Lost mutation: You are occasionally teleported next to
                  | monsters. [potion of mutation]
 16444 | Lair:2   | Lost mutation: You are somewhat resistant to further
                  | mutation. [potion of mutation]
 16444 | Lair:2   | Gained mutation: You are dopey. (Int -2) [potion of
                  | mutation]
 16444 | Lair:2   | Gained mutation: You have hooves in place of feet. [potion
                  | of mutation]
 16625 | Lair:3   | Found a runed door.
 16626 | Lair:3   | Noticed Gunterle's ghost (journeyman OgNe)
 17468 | Lair:4   | Found a hole to the Spider Nest.
 17660 | Lair:3   | Reached skill level 1 in Dodging
 17866 | Lair:4   | Reached XP level 12. HP: 88/98 MP: 12/12
 19232 | Lair:3   | HP: 4/99 [meliai/war axe of electrocution (9)]
 19833 | Lair:4   | Bought a scroll labeled ALIEBA QAIHAI for 21 gold pieces
 19893 | Lair:5   | Noticed Sonja
 19907 | Lair:5   | Reached skill level 10 in Armour
 19942 | Lair:5   | Killed Sonja
 20353 | Lair:5   | Found a runed door.
 20355 | Lair:5   | Found a viscous altar of Jiyva.
 20375 | Lair:5   | Found a staircase to the Slime Pits.
 20459 | Lair:5   | Noticed a five-headed hydra
 20477 | Lair:5   | Killed a five-headed hydra
 20938 | Lair:6   | Entered Level 6 of the Lair of Beasts
 21416 | Lair:5   | Reached skill level 13 in Maces & Flails
 22019 | Lair:6   | Noticed a five-headed hydra
 22027 | Lair:6   | Killed a five-headed hydra
 22027 | Lair:6   | Reached skill level 5 in Dodging
 22027 | Lair:6   | Gained mutation: You are immune to rotting. [demonic
                  | ancestry]
 22027 | Lair:6   | Reached XP level 13. HP: 67/106 MP: 13/13
 22764 | Lair:6   | Found a burning altar of Makhleb.
 23564 | Lair:6   | Found a gateway to Hell.
 23573 | Lair:6   | Got an iridescent morningstar
 23579 | Lair:6   | Identified the +5 morningstar of Tenacity {venom, *Rage
                  | Str+10} (You found it on level 6 of the Lair of Beasts)
 23878 | Orc:1    | Found a burning altar of Makhleb.
 24275 | Orc:2    | Entered Level 2 of the Orcish Mines
 24461 | Orc:2    | Noticed an orc warlord
 24903 | D:10     | Entered Level 10 of the Dungeon
 25882 | D:11     | Noticed Josephine
 25890 | D:11     | Killed Josephine
 26508 | D:11     | Noticed Nergalle
 26515 | D:11     | Killed Nergalle
 27100 | D:11     | Bought a potion of agility for 56 gold pieces
 27463 | D:12     | Found Nintyv Xaeba's Jewellery Emporium.
 27874 | D:13     | Found a sacrificial altar of Ru.
 27887 | D:13     | Gained mutation: When seriously injured, your bleeding
                  | wounds create thick armour. (AC +9) [demonic ancestry]
 27887 | D:13     | Reached XP level 14. HP: 116/116 MP: 14/14
 27954 | D:13     | Found a portal to a secret trove of treasure.
 28238 | D:13     | Reached skill level 14 in Maces & Flails
 28500 | D:13     | Found a gate to the Vaults.
 29164 | D:14     | Found Yfyaffen's Armour Emporium.
 29188 | D:14     | Found Ojaoch's Food Shoppe.
 29192 | D:14     | Found Huameb's Food Shoppe.
 29276 | D:14     | Mangled by an enormous slime creature

Skill      XL: |  1  2  3  4  5  6  7  8  9 10 11 12 13 14 |
---------------+-------------------------------------------+-----
Maces & Flails | 2 3 4 5 6 7 9 11 12 13 14 | 14.1
Armour         | 3 4 5 6 7 8 9 10 11 12 | 12.0
Fighting       | 4 5 6 7 9 10 11 12 13 | 13.0
Dodging        | 1 5 7 |  7.8
Shields        | 3 |  3.7

Action                   |  1- 3 |  4- 6 |  7- 9 | 10-12 | 13-15 || total
-------------------------+-------+-------+-------+-------+-------++-------
Melee: Flail             |    78 |       |       |       |       ||    78
       Whip              |    65 |   213 |   566 |   411 |       ||  1255
       Kick              |    15 |    73 |   176 |   230 |   212 ||   706
       Morningstar       |       |       |       |   357 |   609 ||   966
Invok: Potion Petition   |       |       |     1 |       |       ||     1
       Call Merchant     |       |       |       |     2 |     2 ||     4
Evoke: Wand              |       |       |       |     5 |     3 ||     8
  Use: Scroll            |       |     5 |    15 |    17 |     9 ||    46
       Potion            |       |     1 |     6 |     4 |       ||    11
 Stab: Distracted        |       |       |       |     5 |     5 ||    10
       Sleeping          |       |       |       |     1 |     1 ||     2
  Eat: Chunk             |     3 |     7 |    11 |       |       ||    21
       Ration            |       |     1 |     3 |     9 |     7 ||    20
Armor: Scale mail        |    67 |    24 |       |       |       ||    91
       Ring mail         |       |    56 |    66 |   486 |   286 ||   894
       Chain mail        |       |       |   151 |       |       ||   151
Dodge: Dodged            |    71 |   103 |   144 |   403 |   373 ||  1094
       Deflected         |       |       |       |     3 |     9 ||    12
Block: Other             |       |       |    42 |    97 |    84 ||   223
       Reflection        |       |       |     2 |       |     3 ||     5
